 Dungeon Crawl Stone Soup version 0.21.0-22-g11d5b52 (webtiles) character file.

175116 pkoi the Warrior (level 18, -7/123 HPs)
             Began as a Gargoyle Gladiator on Jan 18, 2018.
             Was the Champion of Okawaru.
             Mangled by Donald
             ... wielding a +2 long sword of holy wrath
              (10 damage)
             ... on level 4 of the Spider Nest on Jan 19, 2018.
             The game lasted 01:12:46 (36342 turns).

pkoi the Warrior (Gargoyle Gladiator)              Turns: 36342, Time: 01:12:47

Health: -7/123     AC: 31    Str: 34    XL:     18   Next: 8%
Magic:  21/22      EV: 20    Int: 15    God:    Okawaru [******]
Gold:   1304       SH:  6    Dex: 11    Spells: 16/17 levels left

rFire    + . .     SeeInvis .   W - +6 demon whip of Ciud Myu {vamp, rC+ Str+4}
rCold    . . .     Gourm    .   P - +0 buckler
rNeg     + + +     Faith    .   S - +0 ring mail of a wizard's laboratory {Regen+ rCorr Int+2}
rPois    ∞         Spirit   .   F - +2 helmet of the Orcish Mines {rF+}
rElec    +         Reflect  .   J - scarf {cloud immunity}
rCorr    +         Harm     .   K - +0 pair of gloves {archery}
MR       ++++.                  n - +0 pair of boots {run}
Stlth    ++........             (no amulet)
HPRegen  0.70/turn              V - ring "Caas" {MR+ Int+3}
MPRegen  0.18/turn              a - ring of Ighagof {*Corrode rC- rN+++ MR++ Str+5}

@: about to teleport, heroism, flying, studying Fighting, quick
A: big wings, negative energy resistance 1, electricity resistance, unbreathing,
petrification resistance, rot immunity, AC +13
a: Stop Flying, Heroism, Finesse, Renounce Religion


You were on level 4 of the Spider Nest.
You worshipped Okawaru.
Okawaru was exalted by your worship.
You were not hungry.

You visited 6 branches of the dungeon, and saw 30 of its levels.
You visited the Abyss 1 time.

You collected 3422 gold pieces.
You spent 2118 gold pieces at shops.

Inventory:

Hand Weapons
 W - the +6 demon whip of Ciud Myu (weapon) {vamp, rC+ Str+4}
   (Okawaru gifted it to you on level 4 of the Lair of Beasts)

   It inflicts no extra harm, but heals its wielder when it wounds a living foe.
   It affects your strength (+4).
   It protects you from cold.
Missiles
 c - 7 tomahawks of returning
 d - 7 throwing nets
 O - 18 javelins (quivered)
Armour
 n - a +0 pair of boots of running (worn)
 F - the +2 helmet of the Orcish Mines (worn) {rF+}
   (Okawaru gifted it to you on level 1 of the Spider Nest)

   It protects you from fire.
 J - a scarf of cloud immunity (worn)
 K - a +0 pair of gloves of archery (worn)
 P - a +0 buckler (worn)
 S - the +0 ring mail of a wizard's laboratory (worn) {Regen+ rCorr Int+2}
   (You found it on level 3 of the Lair of Beasts)

   It affects your intelligence (+2).
   It increases your rate of regeneration.
   It protects you from acid and corrosion.
Jewellery
 a - the ring of Ighagof (right hand) {*Corrode rC- rN+++ MR++ Str+5}
   (You acquired it on level 1 of the Orcish Mines)

   [ring of strength]

   It affects your strength (+5).
   It makes you vulnerable to cold.
   It renders you almost immune to negative energy.
   It affects your resistance to hostile enchantments.
   It may corrode you when you take damage.
 k - an uncursed ring of protection from fire
 w - an uncursed ring of see invisible
 V - the ring "Caas" (left hand) {MR+ Int+3}
   (You acquired it on level 2 of the Abyss)

   [ring of intelligence]

   It affects your intelligence (+3).
   It affects your resistance to hostile enchantments.
Wands
 o - a wand of scattershot (7)
 p - a wand of iceblast (38)
 u - a wand of paralysis (47)
 v - a wand of digging (5)
 B - a wand of polymorph (13)
 M - a wand of acid (17)
 Y - a wand of disintegration (13)
Scrolls
 h - 19 scrolls of teleportation
 l - 9 scrolls of identify
 m - 5 scrolls of magic mapping
 r - 4 scrolls of enchant armour
 s - 11 scrolls of remove curse
 y - 5 scrolls of blinking
 A - 2 scrolls of fog
 C - 3 scrolls of fear
 I - 2 scrolls of enchant weapon
 N - 3 scrolls of amnesia
Potions
 b - 8 potions of might
 i - 3 potions of heal wounds
 j - 15 potions of curing
 D - 3 potions of cancellation
 E - 4 potions of haste
 G - 2 potions of berserk rage
 H - 4 potions of ambrosia
 L - 2 potions of agility
 Q - a potion of mutation
 X - 3 potions of brilliance
Books
 e - a manual of Fighting {!d}
Miscellaneous
 t - a lamp of fire
 z - a phial of floods
Comestibles
 f - 46 rations
 T - 3 chunks of flesh


   Skills:
 + Level 17.0(22.0) Fighting
 - Level 16.9(21.9) Maces & Flails
 + Level 5.7(10.7) Throwing
 + Level 15.4(20.4) Armour
 + Level 12.4(17.4) Dodging
 - Level 0.5(5.5) Stealth
 - Level 5.2(10.2) Shields
 - Level 6.5 Invocations
 - Level 5.0 Evocations


You had 16 spell levels left.
You knew the following spells:

 Your Spells              Type           Power        Failure   Level  Hunger
a - Apportation           Tloc           #.....       32%         1    ##.....


Dungeon Overview and Level Annotations

Branches:
Dungeon (14/15)            Temple (1/1) D:7            Lair (6/6) D:11
  Swamp (3/4) Lair:2       Spider (4/4) Lair:4        Slime (0/5) Lair:6
    Orc (2/2) D:10            Elf (0/3) Orc:2        Vaults (0/5) D:14

Altars:
Ashenzari
Cheibriados
Dithmenos
Elyvilon
Fedhas
Gozag
Hepliaklqana
Kikubaaqudgha
Makhleb
Nemelex Xobeh
Okawaru
Qazlal
Ru
Sif Muna
Trog
Uskayaw
Vehumet
Wu Jian
Xom
Yredelemnul
Zin
The Shining One
Beogh

Shops:
D:5 (   D:10 (   D:11 %   Orc:1 *   Orc:2 *?(:*

Annotations:
Lair:1 exclusion: 2 oklob plants
Spider:4 Donald


Innate Abilities, Weirdness & Mutations

You are resistant to torment.
Your stone body is resilient. (AC +13)
You are immune to poison.
Your large and strong wings let you fly indefinitely.
You resist negative energy. (rN+)
You are resistant to electric shocks. (rElec)
You can survive without breathing.
You are immune to petrification.
You are immune to rotting.


Message History

You whack Donald!
Donald is lightly wounded.
You thrash Donald!!
Donald is heavily wounded.
You block Donald's attack. The emperor scorpion stings you!
* * * LOW HITPOINT WARNING * * *
The emperor scorpion claws you but does no damage.
The emperor scorpion misses you.
You hit Donald but do no damage.
Donald is heavily wounded.
Donald hits you with a long sword of holy wrath!
* * * LOW HITPOINT WARNING * * *
Unknown command.
As you read the scroll of teleportation, it crumbles to dust.
You feel strangely unstable. The emperor scorpion stings you!
* * * LOW HITPOINT WARNING * * *
The emperor scorpion completely misses you.
The emperor scorpion claws you but does no damage.
Donald hits you with a long sword of holy wrath!
You die...

##..#.#..#.#...^....≈≈≈≈≈≈≈
##...^..#.####.≈.....≈≈≈≈≈≈#
#^..#.....####^#.#...≈≈≈≈#
##...........#^≈#....≈≈≈≈#
##..##^.#....^#^.^..≈≈≈##
#...#.#.....≈^#..#.≈≈≈#
##.......#^..#^....≈≈≈#
##.....##..≈#†@^#.≈≈≈≈#
#.....##..^s@....≈≈≈≈#
#..#.#.#.#^#.^...≈≈≈≈≈#
####[......#≈..^^.≈≈≈≈≈#
#...#.#..^...#^≈≈≈≈≈######
###..####.........≈≈≈≈≈≈≈≈≈≈
#^.)### #≈##.#.....≈≈≈≈≈≈≈≈≈
#..^#.###^.≈......#.≈≈≈≈≈≈≈≈
#..#^..###.≈........#.......
###.......##^..#......#...#...


You could see an emperor scorpion and Donald.

Vanquished Creatures
  Bai Suzhen (Spider:4)
  Kirke (Lair:6)
  A thorn hunter (Swamp:3)
  4 ghost moths
  5 emperor scorpions
  3 entropy weavers
  A spark wasp (Spider:2)
  The ghost of Coron the Cleaver, a journeyman DDGl of Makhleb (D:11)
  Harold (Lair:4)
  The ghost of zephron84 the Carver, a journeyman DrBe of Trog (Orc:2)
  6 hydras
  2 centaur warriors (D:14)
  Erica (Orc:1)
  3 alligators
  2 dancing weapons (D:14)
  25 two-headed ogres
  4 ogre magi (Orc:2)
  The ghost of Aphrodieselac the Severer, a novice HOFi of Uskayaw (D:9)
  A thrashing horror (Abyss:2)
  2 large abominations (Abyss:2)
  Sonja (Lair:4)
  3 skeletal warriors (D:14)
  2 sixfirhies (Abyss:2)
  A spriggan druid (Swamp:2)
  3 orc knights (Orc:1)
  4 shambling mangroves
  A necromancer (Spider:2)
  4 swamp dragons
  20 orb spiders
  10 wolf spider zombies (Spider:2)
  An orc sorcerer (Orc:1)
  22 wolf spiders
  An oklob plant (Orc:2)
  2 manticores
  A deep elf mage (D:13)
  A moth of wrath (Spider:4)
  3 cyclopes
  A guardian serpent (Lair:6)
  A guardian serpent (shapeshifter) (Abyss:2)
  8 black mambas
  A centaur zombie (D:13)
  A torpor snail (Spider:1)
  16 spiny frogs
  Psyche (D:9)
  2 orange demons (Abyss:2)
  2 molten gargoyles (D:11)
  A gargoyle (D:13)
  3 centaur skeletons
  2 rime drakes
  A kobold demonologist (D:13)
  10 redback zombies (Spider:2)
  2 tengu conjurers (D:13)
  18 demonic crawlers
  An efreet (Abyss:2)
  4 komodo dragons
  4 trolls
  38 jumping spiders
  A silent spectre (Abyss:2)
  A meliai (shapeshifter) (D:12)
  A polar bear (Lair:2)
  13 blink frogs
  14 slime creatures
  10 tarantella zombies (Spider:2)
  A tyrant leech (Swamp:2)
  13 dream sheep
  13 hornets
  A bog body (Swamp:2)
  9 hippogriffs
  2 raiju (Abyss:2)
  49 redbacks
  Sigmund (D:4)
  34 tarantellas
  13 wyverns
  A vampire (D:13)
  3 wraiths
  5 spriggans
  A basilisk (Lair:3)
  40 yaks
  7 hogs (Lair:6)
  A chaos spawn (Abyss:2)
  Grum (D:8)
  A hungry ghost (D:12)
  A steam dragon (D:10)
  2 neqoxecs (Abyss:2)
  20 swamp worms
  6 vampire mosquitoes
  19 water moccasins
  8 insubstantial wisps
  Duvessa (D:6)
  A floating eye (shapeshifter) (D:13)
  2 small abominations (Abyss:2)
  4 porcupines
  3 swamp drakes
  2 ice beasts
  2 sky beasts
  15 orc warriors
  3 black bears
  An eye of draining (D:11)
  6 phantoms
  29 ogres
  6 necrophages
  19 wolves
  8 centaurs
  8 crocodiles
  3 big kobolds (D:13)
  18 bullfrogs
  A gnoll sergeant (D:10)
  2 wyvern zombies
  Dowan (D:6)
  A wyvern skeleton (D:6)
  4 killer bees (D:10)
  4 scorpions
  4 electric eels
  16 wights
  2 howler monkeys
  4 crimson imps
  2 bullfrog zombies (D:13)
  7 hounds
  5 lava snakes (D:11)
  2 quasits
  A bullfrog skeleton (D:8)
  7 jellies
  20 orc wizards
  A gnoll shaman (Orc:1)
  13 orc priests
  6 iguanas
  7 worker ants
  A hound skeleton (D:6)
  2 mummies (D:9)
  2 worker ant zombies
  7 gnolls
  19 adders
  3 shadow imps
  2 white imps (Abyss:2)
  2 adder zombies
  2 oozes
  3 adder skeletons
  2 worms
  4 dart slugs
  7 leopard geckos
  72 orcs
  3 ball pythons
  17 giant cockroaches
  7 goblins
  8 hobgoblins
  26 jackals
  18 kobolds
  5 quokkas
  5 bats
  7 frilled lizards
  2 quokka skeletons
  7 rats
  A briar patch (Swamp:3)
1030 creatures vanquished.

Vanquished Creatures (collateral kills)
  A scorpion (D:10)
  2 gnolls (D:10)
  3 orcs (D:8)
6 creatures vanquished.

Vanquished Creatures (others)
  A redback (Spider:4)
  An orc (Orc:1)
  A briar patch (Swamp:3)
  18 fungi
  A lurking horror (Abyss:2)
  29 plants
51 creatures vanquished.

Grand Total: 1087 creatures vanquished

Notes
Turn   | Place    | Note
-------+----------+-------------------------------------------
     0 | D:1      | pkoi the Gargoyle Gladiator began the quest for the Orb.
     0 | D:1      | Reached XP level 1. HP: 12/12 MP: 1/1
    70 | D:1      | Reached XP level 2. HP: 16/17 MP: 2/2
   482 | D:1      | Reached XP level 3. HP: 21/21 MP: 3/3
  1427 | D:2      | Reached XP level 4. HP: 26/26 MP: 4/4
  1486 | D:2      | Reached skill level 1 in Armour
  2008 | D:2      | Reached skill level 5 in Maces & Flails
  2257 | D:3      | Reached XP level 5. HP: 26/30 MP: 5/5
  3387 | D:4      | Reached XP level 6. HP: 35/35 MP: 6/6
  3410 | D:4      | Noticed a hippogriff
  3557 | D:4      | Noticed Sigmund
  3801 | D:5      | Entered Level 5 of the Dungeon
  4371 | D:5      | Noticed a phantom
  4413 | D:5      | Killed a phantom
  4413 | D:5      | Reached XP level 7. HP: 38/40 MP: 7/7
  4580 | D:5      | Found Viup's Antique Weapon Shoppe.
  5309 | D:3      | Learned a level 1 spell: Apportation
  5498 | D:5      | Reached XP level 8. HP: 43/44 MP: 8/8
  6051 | D:6      | Reached skill level 10 in Maces & Flails
  6190 | D:6      | Noticed Dowan
  6191 | D:6      | Noticed Duvessa
  6214 | D:6      | Killed Duvessa
  6215 | D:6      | Killed Dowan
  6571 | D:7      | Reached skill level 3 in Fighting
  6814 | D:7      | Found a staircase to the Ecumenical Temple.
  6855 | Temple   | Entered the Ecumenical Temple
  6936 | Temple   | Became a worshipper of Warmaster Okawaru
  7002 | D:7      | Reached XP level 9. HP: 50/50 MP: 9/9
  7543 | D:8      | Noticed Grum
  7555 | D:8      | Killed Grum
  7557 | D:8      | Reached skill level 4 in Fighting
  7568 | D:8      | Reached * piety under Okawaru
  7572 | D:8      | Reached skill level 5 in Armour
  7962 | D:8      | Noticed a komodo dragon
  7978 | D:8      | Killed a komodo dragon
  8131 | D:8      | Reached skill level 5 in Fighting
  8142 | D:8      | Noticed a two-headed ogre
  8150 | D:8      | Killed a two-headed ogre
  8150 | D:8      | Reached ** piety under Okawaru
  8150 | D:8      | Reached XP level 10. HP: 10/60 MP: 10/10
  8522 | D:8      | Reached *** piety under Okawaru
  8898 | D:9      | Noticed Aphrodieselac's ghost (novice HOFi)
  9178 | D:9      | Reached skill level 6 in Fighting
  9214 | D:9      | Reached skill level 5 in Dodging
  9328 | D:8      | Noticed a two-headed ogre
  9341 | D:8      | Killed a two-headed ogre
  9930 | D:4      | Killed Sigmund
 10093 | D:9      | Reached **** piety under Okawaru
 10299 | D:9      | Reached skill level 7 in Fighting
 10551 | D:9      | Killed Aphrodieselac's ghost
 10551 | D:9      | Reached skill level 1 in Invocations
 10551 | D:9      | Reached XP level 11. HP: 40/67 MP: 12/12
 10749 | D:9      | Found a snail-covered altar of Cheibriados.
 10749 | D:9      | Found a glowing golden altar of the Shining One.
 10884 | D:10     | Entered Level 10 of the Dungeon
 10884 | D:10     | Found a glowing golden altar of the Shining One.
 10884 | D:10     | Found a staircase to the Orcish Mines.
 10971 | D:10     | Noticed a two-headed ogre
 11006 | D:9      | Reached ***** piety under Okawaru
 11069 | D:9      | Killed a two-headed ogre
 11069 | D:9      | Received a gift from Okawaru
 11272 | D:10     | Noticed a two-headed ogre
 11280 | D:10     | Killed a two-headed ogre
 11297 | D:10     | Noticed Psyche
 11331 | D:9      | Killed Psyche
 11331 | D:9      | Reached skill level 8 in Fighting
 11726 | D:10     | Found Buqar's Antique Weapon Shop.
 11727 | D:10     | Noticed a two-headed ogre
 12790 | D:10     | Killed a two-headed ogre
 13104 | D:11     | Reached XP level 12. HP: 75/75 MP: 15/15
 13268 | D:11     | Noticed Coron's ghost (journeyman DDGl)
 13312 | D:11     | Killed Coron's ghost
 13312 | D:11     | Reached skill level 9 in Fighting
 13586 | D:11     | Reached skill level 5 in Invocations
 13628 | D:11     | Found a radiant altar of Vehumet.
 13646 | D:11     | Found Mouwicet's Food Boutique.
 13720 | D:11     | Reached ****** piety under Okawaru
 13720 | D:11     | Received a gift from Okawaru
 13912 | D:11     | Got an ancient leather armour
 13913 | D:11     | Identified the +1 leather armour of the Game Afoot {rPois rCorr Str+9 Stlth-} (You found it on level 11 of the Dungeon)
 14040 | D:11     | Noticed a two-headed ogre
 14046 | D:11     | Killed a two-headed ogre
 14050 | D:11     | Found a staircase to the Lair.
 14121 | D:11     | Noticed a two-headed ogre
 14130 | D:11     | Killed a two-headed ogre
 15033 | D:11     | Received a gift from Okawaru
 15485 | D:12     | Reached skill level 10 in Armour
 16065 | D:13     | Reached skill level 10 in Fighting
 16065 | D:13     | Reached skill level 1 in Shields
 16439 | D:13     | Paralysed by a floating eye for 2 turns
 16441 | D:13     | Reached XP level 13. HP: 74/82 MP: 17/17
 16820 | D:13     | Received a gift from Okawaru
 17419 | D:13     | Found an opulent altar of Gozag.
 17715 | Lair:1   | Entered Level 1 of the Lair of Beasts
 19263 | Lair:2   | Found a staircase to the Swamp.
 19858 | Lair:3   | Got a crude ring mail
 19859 | Lair:3   | Identified the cursed +0 ring mail of a wizard's laboratory {Regen+ rCorr Int+2} (You found it on level 3 of the Lair of Beasts)
 20704 | Lair:4   | Found a hole to the Spider Nest.
 20757 | Lair:4   | Reached skill level 11 in Fighting
 20852 | Lair:4   | Received a gift from Okawaru
 20855 | Lair:4   | Got a pitted demon whip {god gift}
 20867 | Lair:4   | Identified the +6 demon whip of Ciud Myu {vamp, rC+ Str+4} (Okawaru gifted it to you on level 4 of the Lair of Beasts)
 20884 | Lair:4   | Noticed Harold
 20907 | Lair:4   | Killed Harold
 20907 | Lair:4   | Reached skill level 5 in Shields
 20927 | Lair:4   | Noticed Sonja
 21039 | Lair:4   | Cast into level 2 of the Abyss (Sonja)
 21307 | Abyss:2  | Gained mutation: Your large and strong wings let you fly indefinitely. [Gargoyle growth]
 21307 | Abyss:2  | Reached XP level 14. HP: 83/90 MP: 18/18
 21449 | Abyss:2  | Found a corrupted altar of Lugonu.
 21476 | Abyss:2  | Received a gift from Okawaru
 21490 | Abyss:2  | Identified a scroll of acquirement
 21491 | Abyss:2  | Got a flickering marble ring
 21492 | Abyss:2  | Identified the ring "Caas" {MR+ Int+3} (You acquired it on level 2 of the Abyss)
 21540 | Lair:4   | Escaped the Abyss
 21915 | Lair:4   | Killed Sonja
 22121 | Lair:5   | Found a sparkling altar of Nemelex Xobeh.
 22732 | Lair:6   | Entered Level 6 of the Lair of Beasts
 23056 | Lair:6   | Found a staircase to the Slime Pits.
 23343 | Lair:6   | Reached skill level 12 in Fighting
 23408 | Lair:6   | Noticed Kirke
 23417 | Lair:6   | Noticed a sphinx
 23682 | Lair:6   | Received a gift from Okawaru
 24317 | Lair:6   | Killed Kirke
 24317 | Lair:6   | Reached skill level 10 in Dodging
 24800 | D:14     | Reached XP level 15. HP: 71/97 MP: 19/19
 24944 | D:14     | Reached skill level 15 in Maces & Flails
 24961 | D:14     | HP: 4/97 [orc warrior/halberd (16)]
 25143 | D:14     | Found a gate to the Vaults.
 25332 | D:14     | Found a sacrificial altar of Ru.
 25510 | D:14     | Found a glowing silver altar of Zin.
 25510 | D:14     | Noticed an angel
 25620 | Orc:1    | Entered Level 1 of the Orcish Mines
 25684 | Orc:1    | Found a roughly hewn altar of Beogh.
 25696 | Orc:1    | Found Jyph's Assorted Antiques.
 25700 | Orc:1    | Bought a scroll labeled QUOPEI JYACW for 22 gold pieces
 25702 | Orc:1    | Got a fine bronze ring
 25703 | Orc:1    | Identified the ring of Ighagof {*Corrode rC- rN+++ MR++ Str+5} (You acquired it on level 1 of the Orcish Mines)
 25854 | Orc:1    | Noticed Erica
 25867 | Orc:1    | Killed Erica
 26141 | Orc:1    | Received a gift from Okawaru
 26420 | Orc:2    | Entered Level 2 of the Orcish Mines
 26470 | Orc:2    | Noticed zephron84's ghost (journeyman DrBe)
 26507 | Orc:2    | Killed zephron84's ghost
 26624 | Orc:2    | Found a staircase to the Elven Halls.
 26643 | Orc:2    | Found a roughly hewn altar of Beogh.
 26663 | Orc:2    | Found Deemekh's Assorted Antiques.
 26675 | Orc:2    | Bought a pair of glowing boots for 165 gold pieces
 26675 | Orc:2    | Bought a scroll of blinking for 165 gold pieces
 27073 | Orc:2    | Reached skill level 13 in Fighting
 27431 | Orc:2    | Found Erritet's Magic Scroll Shoppe.
 27431 | Orc:2    | Found Keejujug's Book Boutique.
 27432 | Orc:2    | Found Yxor's Weapon Boutique.
 27432 | Orc:2    | Found Baifam's General Store.
 27440 | Orc:2    | Bought a manual of Fighting for 1766 gold pieces
 27884 | Spider:1 | Entered Level 1 of the Spider Nest
 27944 | Spider:1 | Received a gift from Okawaru
 28016 | Spider:1 | Got a crude helmet {god gift}
 28017 | Spider:1 | Identified the +2 helmet of the Orcish Mines {rF+} (Okawaru gifted it to you on level 1 of the Spider Nest)
 28029 | Lair:4   | Killed a ghost moth
 28029 | Lair:4   | Reached XP level 16. HP: 104/104 MP: 0/20
 29259 | Swamp:1  | Entered Level 1 of the Swamp
 29275 | Swamp:1  | Reached skill level 14 in Fighting
 29677 | Swamp:1  | You are sucked into a shaft!
 30373 | Swamp:2  | Reached skill level 1 in Evocations
 30588 | Swamp:2  | Received a gift from Okawaru
 30591 | Swamp:2  | Got a pitted helmet {god gift}
 30592 | Swamp:2  | Identified the +2 helmet of Kaqustaxa {rN+ Regen+} (Okawaru gifted it to you on level 2 of the Swamp)
 31353 | Swamp:3  | Noticed a thorn hunter
 31379 | Swamp:3  | Killed a thorn hunter
 32185 | Spider:2 | Reached skill level 15 in Fighting
 32566 | Spider:2 | Reached XP level 17. HP: 99/113 MP: 21/21
 32727 | Spider:2 | Received a gift from Okawaru
 32775 | Spider:1 | Identified a +0 pair of boots of running (Okawaru gifted it to you on level 2 of the Spider Nest)
 34175 | Spider:4 | Entered Level 4 of the Spider Nest
 34259 | Spider:3 | Reached skill level 16 in Fighting
 34353 | Spider:3 | Reached skill level 5 in Evocations
 34417 | Spider:3 | Received a gift from Okawaru
 34417 | Spider:3 | Reached skill level 15 in Armour
 34939 | Spider:3 | Received a gift from Okawaru
 35223 | Spider:3 | Reached skill level 5 in Throwing
 35794 | Spider:4 | Noticed Bai Suzhen
 35835 | Spider:3 | Reached XP level 18. HP: 121/122 MP: 22/22
 36104 | Spider:4 | Killed Bai Suzhen
 36104 | Spider:4 | Received a gift from Okawaru
 36315 | Spider:4 | Noticed Donald
 36331 | Spider:4 | Reached skill level 17 in Fighting
 36342 | Spider:4 | HP: 3/123 [emperor scorpion (17)]
 36342 | Spider:4 | Mangled by Donald

Skill      XL: |  1  2  3  4  5  6  7  8  9 10 11 12 13 14 15 16 17 18 |
---------------+-------------------------------------------------------+-----
Maces & Flails | 4 5 6 7 8 10 11 12 13 14 16 | 16.9
Armour         | 1 2 3 4 6 7 9 10 11 12 13 14 15 | 15.4
Fighting       | 3 5 7 8 10 11 12 13 15 16 17 | 17.0
Dodging        | 4 5 6 8 9 10 11 12 | 12.4
Invocations    | 1 4 6 |  6.5
Shields        | 1 5 |  5.2
Evocations     | 3 5 |  5.0
Throwing       | 2 5 |  5.7
Stealth        | |  0.5

Action                   |  1- 3 |  4- 6 |  7- 9 | 10-12 | 13-15 | 16-18 || total
-------------------------+-------+-------+-------+-------+-------+-------++-------
Melee: Flail             |   111 |   361 |   385 |       |     2 |       ||   859
       Whip              |       |       |    79 |   408 |   604 |       ||  1091
       Dire flail        |       |       |       |   462 |       |       ||   462
       Demon whip        |       |       |       |       |  1249 |  1730 ||  2979
Throw: Throwing net      |       |       |       |       |     1 |       ||     1
       Javelin           |       |       |       |       |     3 |    41 ||    44
Invok: Heroism           |       |       |       |       |     2 |     2 ||     4
       Finesse           |       |       |       |       |       |     1 ||     1
 Abil: Fly               |       |       |       |       |       |     1 ||     1
Evoke: Phial of floods   |       |       |       |     1 |       |       ||     1
  Use: Scroll            |     7 |     3 |     3 |     4 |    15 |     9 ||    41
       Potion            |     4 |     3 |     2 |     1 |     1 |     1 ||    12
 Stab: Sleeping          |       |       |       |       |     1 |       ||     1
  Eat: Chunk             |     2 |    10 |    12 |    28 |    32 |    17 ||   101
       Ration            |       |       |       |       |     3 |     3 ||     6
Armor: Leather armour    |    59 |    42 |       |   101 |   113 |       ||   315
       Chain mail        |       |   308 |   231 |   176 |       |       ||   715
       Plate armour      |       |       |       |    99 |       |       ||    99
       Ring mail         |       |       |       |       |   462 |   785 ||  1247
Dodge: Dodged            |    74 |   254 |   160 |   390 |   926 |   959 ||  2763
Block: Buckler           |       |       |       |     6 |   293 |   304 ||   603
